 Dungeon Crawl Stone Soup version 0.26-a0-663-g36e8fdb655 (webtiles) character file.

Game seed: 12869301056875643944

2632 looop the Chiller (level 9, -19/65 HPs)
             Began as a Demonspawn Ice Elementalist on Oct 10, 2020.
             Was an Initiate of Gozag.
             Demolished by a cyclops (27 damage)
             ... on level 7 of the Dungeon.
             The game lasted 00:12:20 (7326 turns).

looop the Chiller (Demonspawn Ice Elementalist)     Turns: 7326, Time: 00:12:21

Health: -19/65     AC:  8    Str: 14    XL:     9   Next: 35%
Magic:  0/5        EV: 10    Int: 22    God:    Gozag
Gold:   797        SH: 11    Dex: 17    Spells: 5/16 levels left

rFire    . . .     SeeInvis .   b - +12 trident of Immorality {antimagic, MR++ Int+2 Dex+3}
rCold    + . .     Faith    .   E - +2 kite shield
rNeg     . . .     Spirit   +   j - +0 ring mail {rPois}
rPois    +         Reflect  .   (no helmet)
rElec    .         Harm     .   g - +0 cloak
rCorr    .         Rampage  .   (no gloves)
MR       ++...                  p - +0 pair of boots
Stlth    +.........             A - amulet of regeneration
HPRegen  0.60/turn              m - +6 ring of strength
MPRegen  0.09/turn              (no ring)

@: no status effects
A: hooves 1, cold resistance 1, magic shield
a: Potion Petition, Call Merchant, Bribe Branch, Renounce Religion


You were on level 7 of the Dungeon.
You worshipped Gozag.
Gozag was pleased with you.
You visited 1 branch of the dungeon, and saw 7 of its levels.

You collected 1069 gold pieces.
You spent 181 gold pieces at shops.
You paid 91 gold pieces to Gozag.

Inventory:

Hand Weapons
 a - a +2 hand axe of electrocution
 b - the +12 trident of Immorality (weapon) {antimagic, MR++ Int+2 Dex+3}
   (You found it on level 5 of the Dungeon)

   It reduces the magical energy of the wielder, and disrupts the spells and
   magical abilities of those hit.
   Natural abilities and divine invocations are not affected.
   It affects your intelligence (+2).
   It affects your dexterity (+3).
   It affects your resistance to hostile enchantments.
Missiles
 k - 4 datura-tipped darts (quivered)
 q - 8 silver javelins
Armour
 g - a +0 cloak (worn)
 i - the +2 robe "Bueh" {rPois rF++ Dex-3 SInv}
   (You found it on level 6 of the Dungeon)

   It affects your dexterity (-3).
   It greatly protects you from fire.
   It protects you from poison.
   It lets you see invisible.
 j - a +0 ring mail of poison resistance (worn)
 p - a +0 pair of boots (worn)
 E - a +2 kite shield (worn)
Jewellery
 m - a +6 ring of strength (left hand)
 A - an amulet of regeneration (around neck)
Scrolls
 c - 7 scrolls of identify {unknown}
 f - 3 scrolls of remove curse {unknown}
 h - a scroll of immolation {unknown}
 l - a scroll of noise {unknown}
 n - a scroll of enchant armour {unknown}
 o - 2 scrolls of fear {unknown}
 s - 2 scrolls of magic mapping {unknown}
 u - 2 scrolls of enchant weapon {unknown}
 x - 2 scrolls of teleportation {unknown}
Potions
 d - a potion of brilliance {unknown}
 e - a potion of degeneration {unknown}
 r - 4 potions of stabbing {unknown}
 t - 4 potions of heal wounds {unknown}
 v - 2 potions of berserk rage {unknown}
 w - 3 potions of curing {unknown}
 z - 3 potions of flight {unknown}
 B - a potion of ambrosia {unknown}
 C - a potion of mutation {unknown}
 D - a potion of magic {unknown}


   Skills:
 + Level 4.0 Fighting
 * Level 5.3 Polearms
 * Level 1.7 Throwing
 + Level 3.6 Armour
 + Level 4.1 Dodging
 - Level 1.7 Stealth
 + Level 3.1 Shields
 - Level 4.2 Spellcasting
 - Level 6.6 Ice Magic


You had 5 spell levels left.
You knew the following spells:

 Your Spells              Type           Power        Failure   Level
a - Freeze                Ice            ####         7%          1
b - Frozen Ramparts       Ice            ####..       21%         3
c - Ozocubu's Armour      Ice            ####....     21%         3
d - Hailstorm             Conj/Ice       ###.....     95%         4

Your spell library contained the following spells:

 Spells                   Type           Power        Failure   Level
 Summon Small Mammal      Summ           #...         71%         1
 Call Imp                 Summ           #.......     83%         2
 Summon Ice Beast         Ice/Summ       ###.....     95%         4
 Call Canine Familiar     Summ           #.......     97%         3
 Summon Guardian Golem    Hex/Summ       #.......     97%         3
 Summon Lightning Spire   Summ/Air       #.......     100%        4


Dungeon Overview and Level Annotations

Branches:
Dungeon (7/15)             Temple (0/1) D:4

Altars:
Dithmenos
Elyvilon
Fedhas
Gozag
Hepliaklqana
Makhleb
Ru
Sif Muna
Zin
The Shining One

Shops:
D:6 [


Innate Abilities, Weirdness & Mutations

You have large cloven feet.
Your flesh is cold resistant. (rC+)
When hurt, damage is shared between your health and your magic reserves.


Message History

You throw a throwing net. The throwing net hits the cyclops.
The cyclops is too large for the net to hold!
The cyclops throws a large rock.
The large rock hits you!!!
Ouch! That really hurt!
* * * LOW HITPOINT WARNING * * *
You see here a large rock.
The cyclops hits you.
* * * LOW HITPOINT WARNING * * *
You puncture the cyclops!
The cyclops is moderately wounded.
Okay, then.
You puncture the cyclops!
The cyclops is severely wounded.
The cyclops hits you.
* * * LOW HITPOINT WARNING * * *
You hit the cyclops.
The cyclops is almost dead.
The cyclops hits you!!
You die...
Your body crumbles into a pile of gold.

#.......##...# ##
......#(##...############### #.
##...>...'.................# #.
#...#####...####..........# #.
#...# #.................# #[
##### ########......#########.
.###....#####.....
#.C#.......(......
############@.#..#...#(#.....
#.........#.((####.#...#.#.....
#.............# #..#....)#.....
#.........#...# #.##...#####...
#.........####..#. #......#####
###.........# ..#. #.####.# #
).#.........# ###. #.# #.#####
#(#.........# #.. #.# #......
#(#.........# #.# #.# #######


You could see a cyclops.

Vanquished Creatures
  A komodo dragon (D:7)
  A water moccasin (D:7)
  Duvessa (D:6)
  A phantom (D:7)
  2 sky beasts
  An orc warrior (D:6)
  A necrophage (D:7)
  3 ogres
  4 centaurs
  4 bullfrogs
  2 howler monkeys (D:7)
  A jelly (D:7)
  2 orc priests (D:7)
  2 hounds
  A quasit (D:7)
  An orc wizard (D:4)
  2 centaur skeletons
  2 iguanas
  9 worker ants
  6 gnolls
  13 adders
  A shadow imp (D:6)
  An ufetubus (D:5)
  3 worms
  2 dart slugs (D:2)
  4 leopard geckos
  9 orcs
  7 giant cockroaches
  6 goblins
  7 hobgoblins
  6 jackals
  2 quokkas
  2 ball pythons (D:3)
  8 bats
  3 frilled lizards
  10 kobolds
  A quokka skeleton (D:5)
  9 rats
141 creatures vanquished.

Vanquished Creatures (collateral kills)
  An orc wizard (D:7)
1 creature vanquished.

Vanquished Creatures (others)
  Dowan (D:6)
1 creature vanquished.

Grand Total: 143 creatures vanquished

Notes
Turn   | Place    | Note
-------+----------+-------------------------------------------
     0 | D:1      | looop the Demonspawn Ice Elementalist began the quest for
                  | the Orb.
     0 | D:1      | Reached XP level 1. HP: 13/13 MP: 3/3
   293 | D:1      | Gained mutation: When hurt, damage is shared between your
                  | health and your magic reserves. [demonic ancestry]
   293 | D:1      | Reached XP level 2. HP: 12/19 MP: 3/5
   550 | D:1      | Reached skill level 4 in Ice Magic
  1373 | D:2      | Reached XP level 3. HP: 19/24 MP: 4/6
  1378 | D:2      | Learned a level 3 spell: Frozen Ramparts
  1595 | D:2      | Learned a level 3 spell: Ozocubu's Armour
  1877 | D:2      | Reached XP level 4. HP: 30/30 MP: 4/8
  2031 | D:2      | Found a faded altar of an unknown god.
  2481 | D:2      | Reached skill level 5 in Ice Magic
  2793 | D:3      | You fall into a shaft and drop 1 floor!
  2921 | D:4      | Gained mutation: You have large cloven feet. [demonic
                  | ancestry]
  2921 | D:4      | Reached XP level 5. HP: 14/35 MP: 0/9
  3292 | D:3      | Found a blossoming altar of Fedhas.
  3293 | D:3      | Found a glowing silver altar of Zin.
  3293 | D:3      | Found a sacrificial altar of Ru.
  3297 | D:3      | Found an opulent altar of Gozag.
  3301 | D:3      | Found a white marble altar of Elyvilon.
  3301 | D:3      | Found a shimmering blue altar of Sif Muna.
  3302 | D:3      | Found a glowing golden altar of the Shining One.
  3307 | D:3      | Became a worshipper of Gozag Ym Sagoz the Greedy
  3484 | D:3      | Found a shadowy altar of Dithmenos.
  3944 | D:4      | Found a staircase to the Ecumenical Temple.
  4927 | D:5      | Entered Level 5 of the Dungeon
  4933 | D:5      | Learned a level 4 spell: Hailstorm
  4943 | D:5      | Got a transparent trident
  4944 | D:5      | Identified the +12 trident of Immorality {antimagic, MR++
                  | Int+2 Dex+3} (You found it on level 5 of the Dungeon)
  5024 | D:5      | Gained mutation: Your flesh is cold resistant. (rC+)
                  | [demonic ancestry]
  5024 | D:5      | Reached XP level 6. HP: 41/41 MP: 3/11
  5176 | D:5      | Reached skill level 6 in Ice Magic
  5260 | D:5      | Noticed a sky beast
  5267 | D:5      | Killed a sky beast
  5365 | D:5      | Found an opulent altar of Gozag.
  5529 | D:6      | Reached XP level 7. HP: 33/47 MP: 4/13
  5626 | D:6      | Reached skill level 1 in Fighting
  5626 | D:6      | Reached skill level 1 in Polearms
  5678 | D:6      | Reached skill level 1 in Armour
  5869 | D:6      | Found Jayk's Armour Emporium.
  5872 | D:6      | Bought a +2 kite shield for 181 gold pieces
  6051 | D:6      | Reached skill level 1 in Shields
  6051 | D:6      | Reached XP level 8. HP: 56/56 MP: 4/14
  6193 | D:6      | Noticed Duvessa
  6193 | D:6      | Noticed Dowan
  6198 | D:6      | Killed Dowan
  6206 | D:6      | Killed Duvessa
  6263 | D:6      | Found a shimmering blue altar of Sif Muna.
  6368 | D:6      | Got a faintly humming robe
  6379 | D:6      | Identified the +2 robe "Bueh" {rPois rF++ Dex-3 SInv} (You
                  | found it on level 6 of the Dungeon)
  6415 | D:6      | Found a burning altar of Makhleb.
  6416 | D:6      | Found a hazy altar of Hepliaklqana.
  6558 | D:7      | Found an opulent altar of Gozag.
  6951 | D:7      | Reached XP level 9. HP: 64/64 MP: 5/15
  7078 | D:7      | Noticed a komodo dragon
  7101 | D:7      | Reached skill level 5 in Polearms
  7103 | D:7      | Killed a komodo dragon
  7103 | D:7      | Reached skill level 1 in Throwing
  7320 | D:7      | Noticed a cyclops
  7326 | D:7      | Demolished by a cyclops

Illustrated notes

Levels and vault maps discovered:
D:1:      matt_arrival_refuge, layout_loops_ring
D:2:      minmay_alternating_diamond, layout_basic,
          chequers_ecumenical_altar_simple_redux
D:3:      layout_loops_cross, overflow_temple_1_default,
          grunt_temple_overflow_open, minmay_fractal_squares_gapless_5
D:4:      minmay_evil_eye, layout_loops_corners, minmay_temple_entry_slanted
D:5:      layout_loops_cross, nicolae_gozag_cash_rules_everything_around_me
D:6:      layout_loops_corners, gammafunk_temple_overflow_statue, serial_shops,
          nicolae_shop_behind_doors, basic_altar, uniq_duvessa
D:7:      minmay_blocky_corners, layout_basic, basic_altar

Skill      XL: |  1  2  3  4  5  6  7  8  9 |
---------------+----------------------------+-----
Ice Magic      | 4 5 6 |  6.6
Spellcasting   | 3 4 |  4.2
Fighting       | 2 3 4 |  4.0
Polearms       | 2 4 5 |  5.3
Dodging        | 2 3 4 |  4.1
Armour         | 1 3 |  3.6
Shields        | 1 2 3 |  3.1
Throwing       | 1 |  1.7
Stealth        | |  1.7

Action                   |  1- 3 |  4- 6 |  7- 9 || total
-------------------------+-------+-------+-------++-------
Melee: Dagger            |    34 |       |       ||    34
       Unarmed           |     4 |       |       ||     4
       Whip              |    47 |   123 |       ||   170
       Hand axe          |     7 |     7 |       ||    14
       Trident           |       |    35 |   146 ||   181
Throw: Javelin           |       |       |    11 ||    11
       Dart              |       |       |     4 ||     4
       Throwing net      |       |       |     1 ||     1
 Cast: Freeze            |    19 |       |       ||    19
       Frozen Ramparts   |     1 |     6 |       ||     7
 Stab: Sleeping          |     3 |     1 |     3 ||     7
Armor: Robe              |    21 |       |       ||    21
       Ring mail         |    19 |    74 |    35 ||   128
Dodge: Dodged            |    64 |    89 |    45 ||   198
Block: Tower shield      |       |    12 |     7 ||    19
       Kite shield       |       |       |    56 ||    56

Table legend: (Time is in decaauts)
 A = Elapsed time spent in this place.
 B = Non-inter-level travel time spent in this place.
 C = Inter-level travel time spent in this place.
 D = Time resting spent in this place.
 E = Time spent auto-exploring this place.
 F = Levels seen in this place.
 G = Mean time per level.
                   A        B        C        D        E       F      G
               +--------+--------+--------+--------+--------+-----+--------+
         Total |   7405 |   6987 |    418 |    661 |   5174 |   7 | 1057.9 |
       Dungeon |   7405 |   6987 |    418 |    661 |   5174 |   7 | 1057.9 |
               +--------+--------+--------+--------+--------+-----+--------+

Top non-repeatable levels by time:
     D:4: 1488 daAuts
     D:2: 1395 daAuts
     D:1: 1362 daAuts
     D:6: 1049 daAuts
     D:7: 791 daAuts
     D:3: 707 daAuts
     D:5: 611 daAuts
